Map: Disco Bloodbath LE

Players

Mez - Winner!

  • Race: Terran Terran
  • League: Master
  • Spawn Location: 9:00

Sleider

  • Race: Zerg Zerg
  • League: Master
  • Spawn Location: 3:00

VOD

Have the link to the VOD?

Description

Time

  • Played on: Sept. 2, 2019, 5:59 a.m.
  • Length: 16:55
Show
View Real Time Build Order
Export as new Build Order

Mez Terran - Winner!

Build Orders: Liberator Opening, Reaper Expand 

Get SALT Encoding   

  12  0:00  SCV  
  13  0:13  SCV  
  14  0:17  Supply Depot  
  14  0:25  SCV  
  15  0:38  SCV  
  15  0:39  Barracks  
  16  0:44  Refinery  
  16  0:50  SCV  
  17  1:02  SCV  
  18  1:14  SCV  
  19  1:28  Orbital Command, Reaper  
  20  1:41  Command Center  
  20  1:49  Supply Depot  
  20  1:54  SCV  
  20  2:00  Marine  
  22  2:06  SCV  
  23  2:12  Factory  
  23  2:15  Refinery  
  23  2:18  SCV  
  24  2:23  Barracks Reactor  
  24  2:41  SCV  
  25  2:53  SCV  
  25  2:54  Orbital Command  
  26  3:02  Starport  
  26  3:04  Hellion  
  26  3:05  Hellion  
  30  3:06  SCV  
  30  3:12  Barracks Tech Lab  
  31  3:14  Supply Depot  
  31  3:21  SCV x2  
  31  3:22  Liberator  
  33  3:28  Hellion x2  
  33  3:32  Marine  
  37  3:36  SCV x2  
  42  3:48  SCV x2  
  42  3:54  Hellion x2  
  48  4:01  Supply Depot  
  48  4:05  SCV  
  48  4:12  Liberator  
  48  4:16  Hellion x2  
  40  4:28  Marine  
  44  4:38  Hellion  
  45  4:43  SCV x2  
  40  4:58  Supply Depot  
  40  5:02  Factory Reactor  
  40  5:05  Supply Depot  
  40  5:06  Orbital Command  
  40  5:16  Supply Depot  
  40  5:19  Marine  
  40  5:20  SCV  
  42  5:25  Stimpack  
  42  5:37  Marine  
  42  5:41  Hellion x2  
  42  5:42  Orbital Command  
  47  5:45  SCV  
  48  5:52  Starport Reactor  
  48  5:56  Barracks  
  49  5:57  Barracks, SCV  
  49  5:58  Marine  
  50  6:12  SCV  
  50  6:13  SCV  
  52  6:19  Factory Tech Lab  
  52  6:22  Marine  
  52  6:25  SCV x2  
  55  6:37  SCV x2  
  57  6:40  Marine  
  57  6:44  Supply Depot  
  58  6:47  Command Center  
  58  6:49  SCV x2  
  58  6:53  Starport Reactor  
  60  6:55  Supply Depot  
  60  6:57  Marine x2  
  62  7:02  Marine  
  62  7:06  SCV x2  
  64  7:10  Supply Depot  
  64  7:11  Marine x2  
  66  7:16  Supply Depot  
  66  7:18  SCV x2  
  68  7:22  Marine  
  68  7:23  Marine x2  
  68  7:24  Siege Tank  
  74  7:30  SCV x2, Combat Shield  
  74  7:34  Refinery  
  76  7:42  SCV x2  
  78  7:47  Marine x4  
  78  7:48  Medivac x2  
  78  7:50  Supply Depot  
  83  7:52  Supply Depot  
  83  7:54  SCV x2  
  83  7:56  Refinery  
  85  8:01  Orbital Command  
  85  8:14  Marine x5  
  85  8:16  Siege Tank  
  93  8:32  Marine x2  
  93  8:34  Supply Depot  
  95  8:35  Medivac, Supply Depot  
  95  8:40  Orbital Command  
  97  8:42  Supply Depot x2  
  97  8:43  Supply Depot x2  
  97  8:59  SCV x2  
  99  9:08  Siege Tank  
  99  9:09  Marine x5  
  107  9:11  SCV  
  107  9:12  SCV  
  109  9:20  SCV  
  109  9:23  SCV  
  109  9:24  SCV  
  112  9:26  Marine  
  112  9:27  Engineering Bay  
  112  9:30  Engineering Bay  
  113  9:35  Supply Depot  
  113  9:36  SCV x2, Supply Depot  
  113  9:37  Armory  
  97  9:48  SCV x2  
  79  9:54  Marine  
  79  9:55  Marine x4, SCV  
  79  9:58  Terran Infantry Armor Level 1, Terran Infantry Weapons Level 1  
  79  9:59  Siege Tank  
  88  10:00  Barracks, SCV x2  
  88  10:01  Barracks  
  88  10:02  Factory  
  88  10:04  Medivac x2  
  94  10:07  SCV  
  94  10:12  SCV x2  
  94  10:13  Supply Depot  
  97  10:17  Refinery x2  
  97  10:18  Marine x3, Supply Depot  
  97  10:19  Marine x2  
  102  10:29  Terran Vehicle Weapons Level 1  
  102  10:31  Siege Tank  
  105  10:36  Marine x3  
  92  10:44  Marine x2  
  92  10:49  Marine x2  
  94  10:54  Marine x3  
  92  11:01  SCV x2  
  92  11:02  Marine x2  
  94  11:05  Command Center  
  94  11:07  Marine x2  
  93  11:12  Marine x3, Orbital Command  
  87  11:19  Marine  
  87  11:20  Marine  
  87  11:25  Marine x2  
  84  11:29  Marine  
  84  11:36  SCV x2  
  85  11:45  Marine  
  85  11:46  Marine x3  
  91  11:47  Barracks Reactor x2, Refinery  
  91  11:48  SCV, Medivac x2  
  91  11:52  SCV  
  91  11:53  SCV  
  96  11:56  Terran Infantry Weapons Level 2  
  96  12:02  Factory Tech Lab  
  96  12:15  Terran Infantry Armor Level 2  
  96  12:24  Marine  
  96  12:25  Marine x6  
  103  12:33  Siege Tank  
  103  12:34  Marine x2  
  108  12:39  Barracks  
  108  12:40  Barracks  
  108  12:41  Barracks  
  108  12:42  Marine  
  108  12:43  Marine  
  108  12:44  Sensor Tower  
  110  12:47  SCV x2  
  113  12:57  Sensor Tower  
  113  12:58  SCV  
  114  12:59  SCV x2, Planetary Fortress  
  115  13:10  SCV  
  115  13:11  SCV  
  117  13:14  Supply Depot  
  117  13:15  Marine x9, Supply Depot  
  117  13:17  Supply Depot  
  122  13:33  Marine x6  
  122  13:34  Marine x2  
  116  13:35  Siege Tank x2, Medivac x2  
  124  13:44  Marine  
  123  13:51  Marine x3  
  125  13:56  Marine x5  
  125  13:58  Barracks Tech Lab x2  
  125  13:59  Barracks Tech Lab  
  125  14:02  Marine  
  129  14:04  SCV x4  
  129  14:08  Marine  
  129  14:09  Marine x2  
  137  14:10  Siege Tank x2  
  137  14:11  Medivac x2  
  137  14:16  SCV x3  
  150  14:18  Starport x2  
  150  14:20  Marine  
  150  14:21  Marine x2  
  150  14:22  Marauder x4  
  150  14:23  Concussive Shells  
  161  14:35  Marine x3  
  164  14:42  Siege Tank  
  164  14:43  Fusion Core, Marauder x3  
  173  14:46  Marine x6  
  177  14:53  Marine x2  
  178  15:05  Marine x3  
  166  15:35  Missile Turret x2  
  166  15:36  Marine x6, Missile Turret  
  166  15:37  Marine x2, Marauder x2  
  166  15:38  Siege Tank x2  
  184  15:44  Starport Reactor  
  184  15:45  Barracks Reactor, Starport Tech Lab  
  184  15:46  SCV  
  184  15:47  SCV x3  
  188  15:55  Marauder x2  
  192  15:59  Marauder  
  192  16:02  Missile Turret  
  192  16:04  Marine x2  
  190  16:25  Marine  
  190  16:26  Marine x3, Marauder x2  
Show
View Real Time Build Order
Export as new Build Order

Sleider Zerg 

Build Orders: Hatch First 

Get SALT Encoding   

  12  0:00  Drone  
  13  0:13  Overlord  
  13  0:16  Drone  
  14  0:31  Drone x2  
  16  0:47  Hatchery  
  15  0:52  Drone  
  15  0:55  Drone  
  17  0:59  Drone  
  17  1:01  Extractor  
  17  1:15  Spawning Pool  
  16  1:19  Drone  
  16  1:24  Drone  
  18  1:28  Drone  
  19  1:39  Drone  
  20  1:50  Overlord  
  20  2:02  Queen x2  
  20  2:05  Metabolic Boost  
  24  2:09  Zergling x2  
  24  2:12  Zergling x2  
  26  2:19  Zergling x4  
  28  2:35  Spore Crawler  
  28  2:46  Baneling Nest  
  28  2:47  Zergling x4  
  28  2:48  Zergling x8  
  33  2:59  Overlord x2  
  33  3:13  Zergling x2  
  33  3:14  Zergling x4  
  33  3:17  Zergling x4  
  38  3:33  Zergling x10  
  43  3:46  Baneling x5  
  43  3:47  Baneling  
  43  3:51  Zergling x8  
  47  3:56  Zergling x4  
  44  4:13  Zergling x10  
  44  4:17  Zergling x2  
  43  4:27  Zergling x6  
  39  4:39  Zergling x2  
  39  4:40  Zergling x6  
  36  4:52  Drone  
  37  4:53  Drone x2  
  37  4:56  Drone  
  40  5:04  Queen  
  42  5:07  Spore Crawler  
  42  5:12  Spore Crawler  
  40  5:17  Drone x3  
  42  5:23  Drone x2  
  42  5:26  Drone  
  43  5:31  Pneumatized Carapace  
  43  5:45  Drone x7  
  43  5:49  Overlord  
  46  6:08  Lair  
  46  6:11  Extractor  
  46  6:13  Extractor  
  46  6:14  Extractor  
  46  6:18  Drone x2  
  45  6:28  Drone x9  
  53  6:41  Roach Warren  
  52  6:53  Overlord x3  
  52  7:03  Hatchery  
  51  7:11  Overseer  
  51  7:12  Nydus Network  
  50  7:22  Roach x6  
  62  7:33  Drone x2  
  62  7:34  Drone  
  63  7:53  Roach x3  
  69  8:11  Roach x6  
  81  8:21  Nydus Canal  
  81  8:30  Queen  
  83  8:47  Nydus Canal  
  83  8:51  Queen  
  85  8:58  Roach x2  
  85  8:59  Overlord x2  
  85  9:00  Overlord x2  
  89  9:18  Ravager  
  89  9:19  Ravager x8  
  89  9:21  Zergling x14  
  89  9:22  Zergling x2  
  98  9:40  Zergling x8  
  98  9:41  Zergling x8  
  99  9:49  Zergling x4  
  99  9:50  Zergling x4  
  96  10:06  Zergling x6  
  96  10:07  Zergling x4  
  101  10:27  Zergling x8  
  101  10:28  Zergling x8  
  102  11:03  Roach x10  
  107  11:17  Roach x9  
  90  11:43  Overlord x4  
  90  11:53  Glial Reconstitution  
  90  11:56  Drone  
  84  12:15  Evolution Chamber x2  
  74  12:19  Centrifical Hooks  
  74  12:21  Drone x8  
  74  12:22  Drone x4  
  86  12:29  Baneling x3  
  86  12:30  Baneling x2  
  86  12:42  Extractor  
  85  12:44  Extractor  
  85  12:45  Ravager  
  85  12:46  Ravager x4  
  89  12:52  Zerg Melee Weapons Level 1, Hatchery  
  89  12:56  Zerg Ground Armor Level 1  
  88  13:00  Drone x3  
  88  13:01  Drone  
  88  13:02  Drone  
  88  13:04  Drone  
  94  13:23  Zergling x4  
  94  13:24  Zergling x22  
  106  13:32  Zergling x2  
  106  13:33  Zergling x8  
  99  13:47  Zergling x12  
  99  13:48  Zergling x10  
  102  13:56  Spire  
  101  14:07  Hatchery  
  101  14:10  Drone x4  
  104  14:19  Baneling x4  
  104  14:20  Baneling x4  
  104  14:23  Drone x3  
  107  14:44  Hatchery  
  96  15:10  Mutalisk  
  96  15:11  Mutalisk x12  
  96  15:13  Overlord  
  96  15:14  Overlord x3  
  121  15:25  Baneling x9  
  121  15:26  Baneling x8  
  121  15:45  Mutalisk x6  
  131  16:18  Zergling x24  
  128  16:19  Zergling x18  
  110  16:34  Zergling x4  
  110  16:35  Zergling x16  
  110  16:38  Baneling x3  
Tags
 
Add a new tag
Caveats
  • Supply blocks, unpowered buildings, or Contaminate may cause inaccurate times.
  • Supply counts are checked every 10 seconds.